 Dungeon Crawl Stone Soup version 0.26-a0-812-g31a745ddcd (webtiles) character file.

Game seed: 14711417017319727454

5017 Borgoz the Basher (level 10, -1/64 HPs)
             Began as a Gargoyle Gladiator on Dec 8, 2020.
             Was an Initiate of Okawaru.
             Slain by an unseen horror (5 damage)
             ... on level 8 of the Dungeon.
             The game lasted 00:15:07 (9028 turns).

Borgoz the Basher (Gargoyle Gladiator)              Turns: 9028, Time: 00:15:07

Health: -1/64      AC: 22    Str: 20    XL:     10   Next: 55%
Magic:  0/10       EV: 13    Int:  9    God:    Okawaru [......]
Gold:   462        SH:  0    Dex: 12    Spells: 9/9 levels left

rFire    + . .     SeeInvis .   b - +1 whip (elec)
rCold    . . .     Faith    .   (no shield)
rNeg     + . .     Spirit   +   g - +1 scale mail
rPois    ∞         Reflect  .   c - +0 helmet
rElec    +         Harm     .   (no cloak)
rCorr    .         Rampage  .   h - +2 pair of gloves
MR       .....                  j - +0 pair of boots
Stlth    ..........             y - amulet of guardian spirit
HPRegen  0.20/turn              l - ring of protection from fire
MPRegen  0.12/turn              (no ring)

@: mighty, about to teleport
A: negative energy resistance 1, electricity resistance, unbreathing,
petrification resistance, rot immunity, AC +7
a: Renounce Religion


You were on level 8 of the Dungeon.
You worshipped Okawaru.
Okawaru was noncommittal.
You visited 2 branches of the dungeon, and saw 9 of its levels.
You also visited: Ossuary.

You collected 462 gold pieces.

Inventory:

Hand Weapons
 b - a +1 whip of electrocution (weapon)
 A - a cursed +0 dire flail
Armour
 c - a +0 helmet (worn)
 g - a +1 scale mail (worn)
 h - a +2 pair of gloves (worn)
 j - a +0 pair of boots (worn)
Jewellery
 l - a ring of protection from fire (left hand)
 p - an uncursed amulet of faith
 s - an uncursed amulet of the acrobat
 y - an amulet of guardian spirit (around neck)
Wands
 o - a wand of paralysis (6)
 w - a wand of iceblast (10)
Scrolls
 f - 6 scrolls of teleportation
 i - 4 scrolls of identify
 m - 2 scrolls of amnesia
 n - a scroll of remove curse
 v - 2 scrolls of enchant armour
 z - a scroll of fog
Potions
 a - a potion of attraction {unknown}
 e - a potion of haste
 k - a potion of curing
 q - 3 potions of brilliance
 t - a potion of magic
 u - a potion of mutation
 x - 4 potions of flight


   Skills:
 + Level 7.7 Fighting
 * Level 10.1 Maces & Flails
 - Level 1.7 Throwing
 + Level 7.4 Armour
 + Level 6.2 Dodging


You had 9 spell levels left.
You didn't know any spells.
Your spell library was empty.

Dungeon Overview and Level Annotations

Branches:
Dungeon (8/15)             Temple (1/1) D:7            Lair (0/6) D:8
Ossuary (visited)

Altars:
Ashenzari
Cheibriados
Dithmenos
Elyvilon
Fedhas
Gozag
Hepliaklqana
Kikubaaqudgha
Makhleb
Nemelex Xobeh
Okawaru
Qazlal
Ru
Sif Muna
Trog
Uskayaw
Vehumet
Wu Jian
Xom
Yredelemnul
Zin
The Shining One

Shops:
D:6 [

Annotations:
D:3 1 runed translucent door


Innate Abilities, Weirdness & Mutations

You are resistant to torment.
Your stone body is resilient. (AC +7)
You are immune to poison.
You resist negative energy. (rN+)
You are resistant to electric shocks. (rElec)
You can survive without breathing.
You are immune to petrification.
You are immune to rotting.


Message History

The orc warrior moves out of view.
The death yak gores you!
* * * LOW HITPOINT WARNING * * *
You feel better.
The death yak gores you but does no damage.
A bullfrog comes into view.
The bullfrog gives a loud, deep croak!
You hear two shouts!
An adder comes into view.
The death yak gores you!
* * * LOW HITPOINT WARNING * * *
Found 17 gold pieces.
You closely miss something. Something hits you.
* * * LOW HITPOINT WARNING * * *
Something hits you but does no damage. Something hits you but does no damage.
The death yak misses you. Something hits you but does no damage.
Something hits you but does no damage.
As you read the scroll of teleportation, it crumbles to dust.
You feel strangely unstable. Something hits you.
You die...

### #. .. #. .#
##. #.### ..
..... #. ...##.
#.#####......
#.@.Y......$.
####YF.......
#SY.#####.
#...# #..o# O
#.YO## ...
#....####...o
##.{.Y#.....o.
####......O##.#


You could see 2 death yaks and a bullfrog.

Vanquished Creatures
  A two-headed ogre (D:8)
  Pikel (D:6)
  Psyche (D:8)
  Sigmund (D:2)
  5 yaks (D:7)
  Duvessa (D:6)
  An ice beast (D:8)
  A sky beast (D:5)
  An ogre (D:7)
  A big kobold (D:4)
  4 bullfrogs
  A water moccasin zombie (D:6)
  Dowan (D:6)
  3 scorpions
  4 killer bees (D:7)
  9 wights (D:7)
  A howler monkey (D:7)
  A centaur zombie (Ossuary)
  2 bullfrog zombies
  A quasit (D:7)
  2 hounds
  3 orc priests
  A jelly (D:6)
  9 orc wizards
  A bullfrog skeleton (D:8)
  Jessica (D:2)
  A gnoll shaman (D:4)
  2 worker ants (D:5)
  2 big kobold zombies (Ossuary)
  4 ogre zombies (Ossuary)
  8 mummies
  10 adders
  7 gnolls
  4 ufetubi
  An ooze (D:4)
  2 adder zombies (Ossuary)
  3 worms
  2 dart slugs
  5 leopard geckos
  23 orcs
  4 giant cockroaches
  A gnoll zombie (Ossuary)
  5 goblins
  12 hobgoblins
  10 jackals
  3 quokkas
  A ball python (D:2)
  5 bats
  7 frilled lizards
  5 goblin zombies
  5 hobgoblin zombies
  7 kobolds
  4 kobold zombies (Ossuary)
  7 quokka zombies
  7 rats
  2 rat zombies (Ossuary)
217 creatures vanquished.

Notes
Turn   | Place    | Note
-------+----------+-------------------------------------------
     0 | D:1      | Borgoz the Gargoyle Gladiator began the quest for the Orb.
     0 | D:1      | Reached XP level 1. HP: 12/12 MP: 1/1
   123 | D:1      | Reached XP level 2. HP: 1/17 MP: 2/2
   997 | D:1      | Reached skill level 1 in Armour
  1000 | D:1      | Reached XP level 3. HP: 19/22 MP: 3/3
  1653 | D:2      | Noticed Jessica
  1660 | D:2      | Killed Jessica
  1660 | D:2      | Reached XP level 4. HP: 20/27 MP: 4/4
  1806 | D:2      | Found a shimmering blue altar of Sif Muna.
  1823 | D:2      | Noticed Sigmund
  1842 | D:2      | Killed Sigmund
  1842 | D:2      | Reached skill level 4 in Maces & Flails
  1842 | D:2      | Reached XP level 5. HP: 16/32 MP: 5/5
  1842 | D:2      | Reached XP level 6. HP: 18/37 MP: 6/6
  2439 | D:2      | Found a faded altar of an unknown god.
  2599 | D:3      | Found an ancient bone altar of Kikubaaqudgha.
  2718 | D:3      | Reached skill level 5 in Maces & Flails
  2916 | D:3      | Found a glowing silver altar of Zin.
  2916 | D:3      | Found a runed translucent door.
  2916 | D:3      | Noticed an angel
  3803 | D:4      | Found a burning altar of Makhleb.
  3850 | D:4      | Reached XP level 7. HP: 43/43 MP: 7/7
  4035 | D:4      | Found a sand-covered staircase.
  4048 | Ossuary  | Entered an ossuary
  4369 | Ossuary  | Reached skill level 6 in Maces & Flails
  4882 | D:4      | Reached XP level 8. HP: 48/48 MP: 8/8
  5127 | D:5      | Entered Level 5 of the Dungeon
  5172 | D:5      | Reached skill level 5 in Fighting
  5446 | D:5      | Reached skill level 7 in Maces & Flails
  5931 | D:5      | Found a basalt altar of Yredelemnul.
  5931 | D:5      | Found a burning altar of Makhleb.
  5974 | D:5      | Found a white marble altar of Elyvilon.
  6045 | D:5      | Found a bloodstained altar of Trog.
  6133 | D:5      | Found an ornate altar of the Wu Jian Council.
  6213 | D:6      | Noticed Pikel
  6221 | D:6      | Killed Pikel
  6221 | D:6      | Reached skill level 5 in Armour
  6221 | D:6      | Reached XP level 9. HP: 55/55 MP: 9/9
  6362 | D:6      | Noticed Dowan
  6364 | D:6      | Noticed Duvessa
  6371 | D:6      | Killed Dowan
  6392 | D:6      | Killed Duvessa
  6392 | D:6      | Reached skill level 8 in Maces & Flails
  6392 | D:6      | Reached skill level 5 in Dodging
  7006 | D:6      | Found Emal's Antique Armour Emporium.
  7486 | D:7      | Reached skill level 9 in Maces & Flails
  7543 | D:7      | Found a staircase to the Ecumenical Temple.
  7554 | D:7      | Reached XP level 10. HP: 63/63 MP: 10/10
  7579 | Temple   | Entered the Ecumenical Temple
  8062 | D:7      | Found a shimmering altar of Xom.
  8813 | D:8      | Noticed a two-headed ogre
  8822 | D:8      | Killed a two-headed ogre
  8826 | D:8      | Reached skill level 10 in Maces & Flails
  8966 | D:8      | Found a staircase to the Lair.
  8967 | D:8      | Noticed a death yak
  8967 | D:8      | Noticed a death yak
  8967 | D:8      | Noticed a death yak
  8967 | D:8      | Noticed a death yak
  8967 | D:8      | Noticed a death yak
  8973 | D:8      | Noticed a death yak
  8973 | D:8      | Noticed a death yak
  8974 | D:8      | Noticed a death yak
  8986 | D:8      | Noticed a two-headed ogre
  8989 | D:8      | Found an iron altar of Okawaru.
  8989 | D:8      | Noticed Psyche
  8992 | D:8      | Paralysed by Psyche for 7 turns
  9000 | D:8      | Became a worshipper of Warmaster Okawaru
  9009 | D:8      | Killed Psyche
  9016 | D:8      | Noticed a two-headed ogre
  9024 | D:8      | HP: 3/64 [something (5)]
  9028 | D:8      | Slain by an unseen horror

Illustrated notes

Levels and vault maps discovered:
D:1:      beargit_arrival_greenhouse, layout_loops_ring, minivault_25,
          hangedman_glass_teeth, minivault_14
D:2:      layout_basic, lemuel_round_altar, chequers_ecumenical_altar_twisty,
          uniq_sigmund, uniq_jessica
D:3:      layout_basic, lemuel_crystal_altar, serial_aquarium,
          aquarium_bridge_long_joined [aquarium_subvault_wall,
          aquarium_subvault_window, aquarium_subvault_wall,
          aquarium_subvault_wall, aquarium_subvault_window,
          aquarium_subvault_bridge], aquarium_window_fake, aquarium_window_2,
          aquarium_view_2d, aquarium_pool_corner, corexii_shack,
          lemuel_angel_altar
D:4:      layout_rooms, nicolae_ossuary_entry_giza, bloody_makhleb
D:5:      layout_cave_pools, nicolae_overflow_hidden_temple,
          gammafunk_temple_overflow_elements, basic_altar,
          trog_three_pillars_becter
D:6:      layout_basic, serial_shops, kennysheep_mini, uniq_pikel, uniq_duvessa
D:7:      layout_loops_ring, xom_teletrap_fun, minmay_temple_entry_wispy,
          minmay_misc_feat_encased, grunt_ministairs_12
D:8:      layout_loops_cross, okawaru_gym_becter, dpeg_lair_monsters,
          uniq_psyche
Temple:   regret_index_temple_waves

Skill      XL: |  1  2  3  4  5  6  7  8  9 10 |
---------------+-------------------------------+-----
Armour         | 1 2 3 4 5 6 7 |  7.4
Fighting       | 3 4 5 7 |  7.7
Maces & Flails | 4 5 6 7 9 10 | 10.1
Dodging        | 3 4 5 6 |  6.2
Throwing       | |  1.7

Action                   |  1- 3 |  4- 6 |  7- 9 | 10-12 || total
-------------------------+-------+-------+-------+-------++-------
Melee: Flail             |   125 |   172 |   429 |       ||   726
       Whip              |       |       |   154 |   117 ||   271
Throw: Throwing net      |     3 |     1 |     2 |     1 ||     7
Evoke: Wand              |       |       |     7 |       ||     7
  Use: Potion            |     1 |     1 |     5 |     1 ||     8
       Scroll            |     1 |     4 |    14 |     3 ||    22
 Stab: Paralysed         |       |       |     2 |       ||     2
       Held in net/web   |       |       |     1 |     1 ||     2
Armor: Leather armour    |    62 |     6 |       |       ||    68
       Plate armour      |       |   113 |       |       ||   113
       Ring mail         |       |    13 |   319 |       ||   332
       Scale mail        |       |       |    36 |    79 ||   115
Dodge: Dodged            |   110 |    72 |   428 |    54 ||   664

Table legend: (Time is in decaauts)
 A = Elapsed time spent in this place.
 B = Non-inter-level travel time spent in this place.
 C = Inter-level travel time spent in this place.
 D = Time resting spent in this place.
 E = Time spent auto-exploring this place.
 F = Levels seen in this place.
 G = Mean time per level.
                   A        B        C        D        E       F      G
               +--------+--------+--------+--------+--------+-----+--------+
         Total |   9032 |   8452 |    580 |   1419 |   5167 |  10 |  903.2 |
       Dungeon |   8088 |   7580 |    508 |   1215 |   4814 |   8 | 1011.0 |
        Temple |    143 |     72 |     71 |      0 |     70 |   1 |  143.0 |
       Ossuary |    800 |    800 |      0 |    204 |    283 |   1 |  800.0 |
               +--------+--------+--------+--------+--------+-----+--------+

Top non-repeatable levels by time:
     D:1: 1392 daAuts
     D:6: 1239 daAuts
     D:3: 1216 daAuts
     D:2: 1148 daAuts
     D:5: 1112 daAuts
     D:7: 1110 daAuts
 Ossuary: 800 daAuts
     D:4: 652 daAuts
     D:8: 217 daAuts
  Temple: 143 daAuts
